 Dungeon Crawl Stone Soup version 0.23.2 (webtiles) character file.

Game seed: 14270886099224610323

222 Menchi the Sneak (level 6, 0/36 HPs)
             Began as a Kobold Assassin on Apr 9, 2019.
             Slain by an orc wizard
             ... wielding a +0 dagger
              (1 damage)
             ... on level 3 of the Dungeon.
             The game lasted 00:06:55 (2628 turns).

Menchi the Sneak (Kobold Assassin)                  Turns: 2628, Time: 00:06:55

Health: 0/36       AC:  3    Str:  9    XL:     6   Next: 19%
Magic:  6/6        EV: 21    Int: 13    God:
Gold:   60         SH:  0    Dex: 22    Spells: 5/5 levels left

rFire    x . .     SeeInvis .   n - +0 rapier
rCold    + . .     Gourm    .   (shield restricted)
rNeg     + . .     Faith    .   c - +0 robe
rPois    .         Spirit   .   (no helmet)
rElec    .         Reflect  .   d - +0 cloak
rCorr    .         Harm     .   (no gloves)
MR       .....                  (no boots)
Stlth    +++++.....             (no amulet)
HPRegen  0.12/turn              i - ring of positive energy
MPRegen  0.10/turn              q - ring of ice

@: agile
A: small, carnivore
a: no special abilities


You were on level 3 of the Dungeon.
You were completely stuffed.

You visited 1 branch of the dungeon, and saw 3 of its levels.

You collected 60 gold pieces.

Inventory:

Hand Weapons
 b - a +0 blowgun
 n - a +0 rapier (weapon)
Missiles
 e - 8 poisoned needles
 f - 2 curare-tipped needles
Armour
 c - a +0 robe (worn)
 d - a +0 cloak (worn)
 j - a +0 buckler
Jewellery
 i - a ring of positive energy (left hand)
 q - a ring of ice (right hand)
Scrolls
 a - a scroll of amnesia {unknown}
 h - 3 scrolls of blinking {unknown}
 k - 3 scrolls of identify {unknown}
 l - a scroll of magic mapping {unknown}
 o - 2 scrolls of teleportation {unknown}
Potions
 r - a potion of agility
 s - a potion of ambrosia {unknown}
Comestibles
 g - 4 rations
 p - 2 chunks of flesh


   Skills:
 + Level 2.4 Fighting
 * Level 4.7 Short Blades
 - Level 2.1 Throwing
 * Level 2.5 Dodging
 * Level 7.7 Stealth
 * Level 1.2 Shields


You had 5 spell levels left.
You didn't know any spells.
Your spell library was empty.

Dungeon Overview and Level Annotations

Branches:
Dungeon (3/15)

Altars:
Hepliaklqana
Trog


Innate Abilities, Weirdness & Mutations

You are small and have problems with some larger weapons.
You are carnivorous and can eat meat at any time.


Message History

The orc wizard hits you with a +0 dagger.
* * * LOW HITPOINT WARNING * * *
The orc wizard points at you and mumbles some strange words.
The magic dart hits you!
* * * LOW HITPOINT WARNING * * *
It was a potion of agility.
You feel agile all of a sudden. The orc wizard completely misses you.
You hit the orc wizard but do no damage.
The orc wizard is heavily wounded.
The orc wizard misses you.
The orc wizard points at you and mumbles some strange words.
You resist with some effort.
You hit the orc wizard.
The orc wizard is heavily wounded.
The orc wizard misses you.
You hit the orc wizard but do no damage.
The orc wizard is heavily wounded.
The orc wizard hits you with a +0 dagger.
You die...

#.######.÷.##...#
#.#...÷.._......#
##.#...##...######
#......###.##
#......###.#
#........(.#
#..........#
#.....###..#
.......# #@##
##......###o####
#.........o...#
#...###.......#
#.. #.......#
#......$#
#.......#
.###.......#
>.........>#


You could see an orc wizard and an orc.

Vanquished Creatures
  A water moccasin skeleton (D:3)
  Jessica (D:2)
  A hound skeleton (D:3)
  6 adders
  An adder skeleton (D:2)
  4 worms
  2 dart slugs
  A leopard gecko (D:2)
  3 orcs (D:3)
  3 bats
  4 giant cockroaches
  8 hobgoblins
  4 jackals (D:1)
  A quokka (D:2)
  A ball python (D:1)
  A frilled lizard (D:1)
  5 goblins
  6 kobolds
  5 rats
58 creatures vanquished.

Notes
Turn   | Place    | Note
-------+----------+-------------------------------------------
     0 | D:1      | Menchi the Kobold Assassin began the quest for the Orb.
     0 | D:1      | Reached XP level 1. HP: 12/12 MP: 1/1
    66 | D:1      | Reached XP level 2. HP: 9/17 MP: 2/2
   416 | D:1      | Reached skill level 6 in Stealth
   444 | D:1      | Reached XP level 3. HP: 21/21 MP: 3/3
  1115 | D:2      | Reached XP level 4. HP: 19/26 MP: 4/4
  1534 | D:2      | Noticed Jessica
  1539 | D:2      | Killed Jessica
  1724 | D:2      | Reached skill level 7 in Stealth
  1724 | D:2      | Reached XP level 5. HP: 31/31 MP: 5/5
  1821 | D:2      | Found a faded altar of an unknown god.
  1865 | D:2      | Found a hazy altar of Hepliaklqana.
  2034 | D:3      | Reached skill level 1 in Shields
  2494 | D:3      | Found a bloodstained altar of Trog.
  2498 | D:3      | Reached XP level 6. HP: 36/36 MP: 6/6
  2624 | D:3      | HP: 1/36 [orc wizard/magic dart (8)]
  2628 | D:3      | Slain by an orc wizard

Skill      XL: |  1  2  3  4  5 |
---------------+----------------+-----
Short Blades   | 3 4 |  4.7
Stealth        | 6 7 |  7.7
Dodging        | 2 |  2.5
Shields        | 1 |  1.2
Fighting       | |  2.4
Throwing       | |  2.1

Action                   |  1- 3 |  4- 6 || total
-------------------------+-------+-------++-------
Melee: Dagger            |    94 |     3 ||    97
       Rapier            |       |   157 ||   157
  Use: Potion            |       |     2 ||     2
 Stab: Sleeping          |     6 |    11 ||    17
  Eat: Chunk             |     9 |     5 ||    14
Armor: Robe              |    14 |    24 ||    38
Dodge: Dodged            |    70 |   108 ||   178
Block: Buckler           |     2 |       ||     2
